 Dungeon Crawl Stone Soup version 0.28-a0-556-gab23d0e057 (webtiles) character file.

Game seed: 15229825107490211261

79 Zenkrye the Conjurer (level 4, -1/30 HPs)
             Began as a Barachi Conjurer on Sept 28, 2021.
             Slain by Sigmund (11 damage)
             ... on level 3 of the Dungeon.
             The game lasted 00:07:48 (3127 turns).

Zenkrye the Conjurer (Barachi Conjurer)             Turns: 3127, Time: 00:07:49

Health: -1/30      AC:  3    Str:  8    XL:     4   Next: 37%
Magic:  9/9        EV: 12    Int: 19    God:
Gold:   132        SH:  0    Dex: 17    Spells: 3/10 levels left

rFire   . . .      SeeInvis .   e - +0 short sword
rCold   . . .      Faith    .   (no shield)
rNeg    . . .      Spirit   .   a - +1 robe
rPois   .          Reflect  .   (no helmet)
rElec   .          Harm     .   (no cloak)
rCorr   .          Rampage  .   (no gloves)
Will    .....                   (no boots)
Stlth   ++........              (no amulet)
HPRegen 0.10/turn               m - +6 ring of dexterity
MPRegen 0.11/turn               (no ring)

@: slow
A: amphibious, slowness 1, strong legs 1, +LOS
a: Hop


You were on level 3 of the Dungeon.
You visited 1 branch of the dungeon, and saw 3 of its levels.

You collected 132 gold pieces.

Inventory:

Hand Weapons
 c - a +0 dagger
 e - a +0 short sword (weapon)
Missiles
 b - 55 stones (quivered)
 d - 10 bolts
 f - 3 poisoned darts
Armour
 a - a +1 robe (worn)
Jewellery
 m - a +6 ring of dexterity (left hand)
Potions
 g - a potion of magic
 h - a potion of lignification
 j - a potion of curing {@q1}
 l - 2 potions of degeneration {unknown}


   Skills:
 - Level 2.1 Dodging
 - Level 1.7 Stealth
 + Level 3.5 Spellcasting
 + Level 5.4 Conjurations
 + Level 0.0 Hexes


You had 3 spell levels left.
You knew the following spells:

 Your Spells              Type           Power      Damage    Failure   Level
a - Magic Dart            Conj           96%        1d7       1%          1
b - Searing Ray           Conj           48%        2d6       2%          2
c - Fulminant Prism       Conj/Hex       6%         3d7       43%         4

Your spell library contained the following spells:

 Spells                   Type           Power      Damage    Failure   Level
 Dazzling Flash           Conj/Hex       26%        N/A       14%         3
 Iskenderun's Mystic Bla  Conj/Tloc      13%        2d5       43%         4


Dungeon Overview and Level Annotations

Branches:
Dungeon (3/15)

Altars:

Annotations:
D:3 Sigmund


Innate Abilities, Weirdness & Mutations

You are amphibious.
You cover ground slowly.
You can hop short distances.
You have an extended range of vision and can be seen from far away.


Message History

As you read the scroll labelled OREOLEW LOQE, it crumbles to dust.
You feel strangely unstable.
It was a scroll of teleportation.
Your surroundings suddenly seem different.
This spell is potentially lethal to cast!
Memorise Fulminant Prism, consuming 4 spell levels and leaving 3?
You start memorising the spell.
You continue memorising. x4
You finish memorising.
Spell assigned to 'c'.
Unknown command.
There is a stone staircase leading down here.
You climb downwards.
The iguana hisses angrily.
The ball python hisses angrily.
Found a stone staircase leading down.
There is a stone staircase leading up here.
You climb upwards.
There is a stone staircase leading down here.
There is a stone staircase leading down here.
You climb downwards.
Sigmund shouts!
Sigmund hits you from afar with a +0 scythe!
Found a mace and a ring mail.
There is a stone staircase leading up here.
The bat hits you. Sigmund gestures at you while chanting.
You are confused.
In your confused state, you trip and fall back down the stairs.
The bat barely misses you.
Sigmund hits you from afar with a +0 scythe!
The bat hits you but does no damage.
In your confused state, you trip and fall back down the stairs.
The bat hits you.
Sigmund hits you from afar with a +0 scythe!
* * * LOW HITPOINT WARNING * * *
The bat misses you. Sigmund misses you.
In your confused state, you trip and fall back down the stairs.
* * * LOW HITPOINT WARNING * * *
You feel less confused. The bat closely misses you.
You feel better.
Sigmund hits you from afar with a +0 scythe!
You die...

... #..#####
.... #......#
...##......#
#.........#
#......[..#####
#..............
#.....b.@.....
#...).....#####
#.....@.......#
#############..


You could see Sigmund and a bat.

Vanquished Creatures
  An adder (D:2)
  2 worms (D:2)
  A dart slug (D:1)
  4 bats
  4 endoplasms
  3 giant cockroaches
  6 hobgoblins (D:1)
  4 jackals (D:2)
  7 kobolds
  2 quokkas
  9 ball pythons
  4 frilled lizards
  5 goblins (D:1)
  4 rats
56 creatures vanquished.

Notes
Turn   | Place    | Note
-------+----------+-------------------------------------------
     0 | D:1      | Zenkrye the Barachi Conjurer began the quest for the Orb.
     0 | D:1      | Reached XP level 1. HP: 13/13 MP: 3/3
   385 | D:1      | Reached XP level 2. HP: 17/19 MP: 1/5
   921 | D:1      | Reached XP level 3. HP: 24/24 MP: 4/7
   924 | D:1      | Learned a level 2 spell: Searing Ray
  1036 | D:1      | Reached skill level 5 in Conjurations
  2130 | D:2      | Found a faded altar of an unknown god.
  2160 | D:2      | Reached XP level 4. HP: 30/30 MP: 6/9
  3071 | D:2      | Learned a level 4 spell: Fulminant Prism
  3120 | D:3      | Noticed Sigmund
  3126 | D:3      | HP: 1/30 [fell downstairs (1)]
  3127 | D:3      | Slain by Sigmund

Illustrated notes

Levels and vault maps discovered:
D:1:      dpeg_arrival_boxorama, layout_basic, minmay_tetromino_o4
D:2:      layout_basic, chequers_ecumenical_altar_simple_redux
D:3:      layout_rooms, tso_altar, uniq_sigmund, uniq_crazy_yiuf_cottage

Skill      XL: |  1  2  3 |
---------------+----------+-----
Spellcasting   | 3 |  3.5
Conjurations   | 5 |  5.4
Dodging        | |  2.1
Stealth        | |  1.7

Action                   |  1- 3 |  4- 6 || total
-------------------------+-------+-------++-------
Melee: Unarmed           |     8 |       ||     8
       Short sword       |    30 |     1 ||    31
       Dagger            |     5 |       ||     5
Throw: Stone             |    42 |    19 ||    61
       Dart              |    23 |     3 ||    26
 Cast: Magic Dart        |    46 |     5 ||    51
       Searing Ray       |     4 |     7 ||    11
 Abil: Hop               |     1 |       ||     1
  Use: Scroll            |     1 |     4 ||     5
       Potion            |       |     1 ||     1
 Stab: Sleeping          |     3 |       ||     3
Armor: Robe              |    18 |     1 ||    19
Dodge: Dodged            |    44 |     5 ||    49

Table legend: (Time is in decaauts)
 A = Elapsed time spent in this place.
 B = Non-inter-level travel time spent in this place.
 C = Inter-level travel time spent in this place.
 D = Time resting spent in this place.
 E = Time spent auto-exploring this place.
 F = Levels seen in this place.
 G = Mean time per level.
                   A        B        C        D        E       F      G
               +--------+--------+--------+--------+--------+-----+--------+
         Total |   3466 |   3382 |     84 |    213 |   2735 |   3 | 1155.3 |
       Dungeon |   3466 |   3382 |     84 |    213 |   2735 |   3 | 1155.3 |
               +--------+--------+--------+--------+--------+-----+--------+

Top non-repeatable levels by time:
     D:1: 1895 daAuts
     D:2: 1562 daAuts
     D:3: 9 daAuts
